 Dungeon Crawl Stone Soup version 0.30-a0-1074-g5db6f66fbb (console) character file.

Game seed: 16262209410559181478

67 Ignak the Ogre Mage (level 4, 0/41 HPs)
             Began as an Ogre Hedge Wizard on Apr 14, 2023.
             Slain by a gnoll
             ... wielding a +0 whip
              (5 damage)
             ... on level 3 of the Dungeon.
             The game lasted 00:05:32 (2023 turns).

Ignak the Ogre Mage (Ogre Hedge Wizard)             Turns: 2023, Time: 00:05:33

Health: 0/41       AC:  3    Str: 14    XL:     4   Next: 16%
Magic:  5/19       EV:  9    Int: 17    God:
Gold:   61         SH:  0    Dex:  8    Spells: 3/11 levels left

rFire   . . .      SeeInvis .    s - staff of poison
rCold   . . .      Faith    .    (no shield)
rNeg    . . .      Spirit   .    b - +0 robe
rPois   +          Reflect  .    c - +0 hat
rElec   .          Rampage  .    (no cloak)
rCorr   .                        (gloves unavailable)
Will    .....                    (boots unavailable)
Stlth   +                        (no amulet)
HPRegen 0.26/turn                f - ring of magical power
MPRegen 0.16/turn                (no ring)

@: very slightly contaminated
A: large, unfitting armour, tough skin 1
a: no special abilities


You were on level 3 of the Dungeon.
You visited 1 branch of the dungeon, and saw 3 of its levels.

You collected 61 gold pieces.

Inventory:

Hand Weapons
 g - a +1 mace
Armour
 b - a +0 robe (worn)
 c - a +0 hat (worn)
Magical Staves
 s - a staff of poison (weapon)
Jewellery
 f - a ring of magical power (left hand)
 k - a +5 ring of evasion
Scrolls
 n - a scroll of summoning
 p - a scroll of fear
 q - a scroll of enchant armour
Potions
 d - a potion of magic
 h - a potion of brilliance {unknown}
 i - a potion of flight {unknown}
 m - a potion of curing {unknown}
 o - a potion of degeneration {unknown}
 r - 2 potions of cancellation {unknown}
 t - a potion of resistance {unknown}


   Skills:
 + Level 1.5 Fighting
 + Level 0.0 Maces & Flails
 + Level 2.2 Dodging
 - Level 1.4 Stealth
 + Level 4.0 Spellcasting
 + Level 1.5 Conjurations
 - Level 0.8 Summonings
 + Level 1.6 Translocations
 + Level 0.4 Air Magic
 * Level 0.6 Poison Magic


You had 3 spell levels left.
You knew the following spells:

 Your Spells              Type           Power      Damage    Failure   Level
a - Magic Dart            Conj           32%        1d4       9%          1
b - Blink                 Tloc           18%        N/A       12%         2
d - Mephitic Cloud        Conj/Pois/Air  9%         N/A       32%         3
e - Call Imp              Summ           12%        N/A       17%         2

Your spell library contained the following spells:

 Spells                   Type           Power      Damage    Failure   Level
 Slow                     Hex            12%        N/A       16%         1
 Cigotuvi's Dreadful Rot  Necr/Pois/Air  12%        N/A       21%         2


Dungeon Overview and Level Annotations

Branches:
Dungeon (3/15)

Altars:
Ashenzari


Innate Abilities, Weirdness & Mutations

You are too large for most types of armour.
You have tough skin. (AC +1)


Message History

Aiming: Mephitic Cloud (quite dangerous; 32% risk of failure)
Press: ? - help, Shift-Dir - straight line, f - gnoll, p - gnoll
Aim: a gnoll, wielding a +0 spear (chance to affect: 91%)
You feel a surge of power!
You miscast Mephitic Cloud.
Nothing appears to happen.
Your cerulean imp hits the gnoll with a -4 spear.
The gnoll barely misses you.
The gnoll hits you from afar with a +0 spear.
* * * LOW HITPOINT WARNING * * *
Casting: Mephitic Cloud (quite dangerous; 32% risk of failure)
Confirm with . or Enter, or press ? or * to list all spells.
The spell is quite dangerous to miscast (32% risk of failure)!
Continue anyway? [Y]es or [N]o only, please.
The spell is quite dangerous to miscast (32% risk of failure)!
Continue anyway?
Aiming: Mephitic Cloud (quite dangerous; 32% risk of failure)
Press: ? - help, Shift-Dir - straight line, f - gnoll, p - gnoll
Aim: a gnoll, wielding a +0 whip (chance to affect: 91%)
You feel a surge of power!
The ball explodes into a vile cloud!
The stinking cloud engulfs the gnoll but does no damage.
The gnoll is heavily wounded.
The stinking cloud engulfs you but does no damage.
The stinking cloud engulfs the gnoll but does no damage.
The stinking cloud engulfs your cerulean imp but does no damage.
Your cerulean imp hits the gnoll with a -4 spear.
The gnoll is engulfed in noxious fumes.
The gnoll appears confused.
The gnoll barely misses the gnoll.
The gnoll is engulfed in noxious fumes.
The gnoll appears confused.
The gnoll misses your cerulean imp.
Unknown command.
You hit the gnoll.
The gnoll is severely wounded.
Your cerulean imp hits the gnoll but does no damage.
The gnoll is engulfed in noxious fumes.
The gnoll appears confused.
The gnoll hits you with a +0 flail!
* * * LOW HITPOINT WARNING * * *
The gnoll is engulfed in noxious fumes.
The gnoll appears confused.
Your cerulean imp hits the gnoll but does no damage.
The gnoll hits the gnoll with a +0 spear.
You swap places.
The gnoll attacks as you move away! The gnoll hits you with a +0 whip.
You die...

.........
..##..#.# ##
......#.#...
#.##.##.#.#
#.##......
##g##.##.#
#<......<###
#)###g.....#
#.g.@5##..##
#####.##..#
#.###.# #.#
.# #.. ..
### g#


You could see 2 gnolls and a friendly cerulean imp (summoned).

Vanquished Creatures
  A gnoll (D:3)
  An adder (D:2)
  6 ball pythons
  3 endoplasms
  3 goblins
  5 hobgoblins
  2 kobolds (D:1)
  2 quokkas (D:1)
  3 bats
  2 frilled lizards (D:1)
  6 rats
34 creatures vanquished.

Vanquished Creatures (collateral kills)
  A gnoll (D:1)
  A ball python (D:3)
  2 goblins
  A frilled lizard (D:2)
  A kobold (D:2)
6 creatures vanquished.

Grand Total: 40 creatures vanquished

Notes
Turn   | Place    | Note
-------+----------+-------------------------------------------
     0 | D:1      | Ignak the Ogre Hedge Wizard began the quest for the Orb.
     0 | D:1      | Reached XP level 1. HP: 16/16 MP: 5/5
   174 | D:1      | Reached skill level 1 in Conjurations
   174 | D:1      | Reached skill level 1 in Translocations
   431 | D:1      | Reached XP level 2. HP: 21/26 MP: 6/6
   434 | D:1      | Learned a level 2 spell: Blink
   437 | D:1      | Learned a level 2 spell: Call Imp
   575 | D:1      | Reached skill level 1 in Fighting
   630 | D:1      | Reached XP level 3. HP: 9/33 MP: 8/8
   634 | D:1      | Learned a level 3 spell: Mephitic Cloud
  1205 | D:2      | Found a broken altar of Ashenzari.
  1604 | D:2      | Reached skill level 4 in Spellcasting
  1689 | D:2      | Identified the +0 leather armour of Impressiveness {rN+
                  | Dex+4}
  2010 | D:3      | Reached XP level 4. HP: 26/41 MP: 10/10
  2023 | D:3      | Slain by a gnoll

Illustrated notes

Levels and vault maps discovered:
D:1:      minmay_arrival_shattered_statue, layout_loops_ring,
          minmay_misc_feat_iff, minmay_ruptured
D:2:      layout_basic, basic_altar, kennysheep_generic_room_15
D:3:      layout_basic, nicolae_ru_path_of_blood, basic_ecumenical_altar,
          portal_sewer_entry_e, serial_shops, nicolae_shop_statue_plus

Skill      XL: |  1  2  3 |
---------------+----------+-----
Conjurations   | 1 |  1.5
Translocations | 1 |  1.6
Dodging        | 2 |  2.2
Fighting       | 1 |  1.5
Spellcasting   | 4 |  4.0
Stealth        | |  1.4
Summonings     | |  0.8
Air Magic      | |  0.4
Poison Magic   | |  0.6

Action                     |  1- 3 |  4- 6 || total
---------------------------+-------+-------++-------
  Melee: Dagger            |    19 |       ||    19
         Mace              |    78 |       ||    78
         Punch             |     1 |       ||     1
         Staff             |    15 |     2 ||    17
   Cast: Magic Dart        |     3 |       ||     3
         Call Imp          |     7 |       ||     7
         Blink             |     2 |       ||     2
         Mephitic Cloud    |     1 |     1 ||     2
    Use: Scroll            |     6 |       ||     6
   Stab: Sleeping          |     5 |       ||     5
 Armour: Robe              |    41 |       ||    41
  Dodge: Dodged            |    67 |     3 ||    70

Table legend: (Time is in decaauts)
 A = Elapsed time spent in this place.
 B = Non-inter-level travel time spent in this place.
 C = Inter-level travel time spent in this place.
 D = Time resting spent in this place.
 E = Time spent auto-exploring this place.
 F = Levels seen in this place.
 G = Mean time per level.
                   A        B        C        D        E       F      G
               +--------+--------+--------+--------+--------+-----+--------+
         Total |   2057 |   1956 |    101 |     93 |   1200 |   3 |  685.7 |
       Dungeon |   2057 |   1956 |    101 |     93 |   1200 |   3 |  685.7 |
               +--------+--------+--------+--------+--------+-----+--------+

Top non-repeatable levels by time:
     D:1: 1222 daAuts
     D:2: 792 daAuts
     D:3: 43 daAuts
